 Dungeon Crawl Stone Soup version 0.29.1-1-gd02db6906a (webtiles) character file.

Game seed: 7130403564977280514

14 Anriel the Trooper (level 2, -1/24 HPs)
             Began as a Human Berserker on Oct 11, 2022.
             Was a Follower of Trog.
             Slain by a quokka (3 damage)
             ... on level 1 of the Dungeon.
             The game lasted 00:02:54 (169 turns).

Anriel the Trooper (Human Berserker)                 Turns: 169, Time: 00:02:55

Health: -1/24      AC:  2    Str: 17    XL:     2   Next: 60%
Magic:  2/2        EV: 12    Int:  7    God:    Trog [*.....]
Gold:   6          SH:  5    Dex: 12    Spells: 1/1 levels left

rFire   . . .      SeeInvis .   d - +0 war axe
rCold   . . .      Faith    .   (no shield)
rNeg    . . .      Spirit   .   b - +0 animal skin
rPois   .          Reflect  +   (no helmet)
rElec   .          Harm     .   (no cloak)
rCorr   .          Rampage  .   (no gloves)
Will    .....                   (no boots)
Stlth   +.........              c - amulet of reflection
HPRegen 0.08/turn               (no ring)
MPRegen 0.08/turn               (no ring)

@: on berserk cooldown, slowed, very slow
A: no striking features
a: Renounce Religion, Berserk


You were on level 1 of the Dungeon.
You worshipped Trog.
Trog was aware of your devotion.
You visited 1 branch of the dungeon, and saw 1 of its levels.

You collected 6 gold pieces.

Inventory:

Hand Weapons
 a - a +0 hand axe
 d - a +0 war axe (weapon)
Armour
 b - a +0 animal skin (worn)
Jewellery
 c - an amulet of reflection (around neck)


   Skills:
 + Level 3.1 Fighting
 + Level 3.0 Axes
 + Level 2.1 Armour
 * Level 2.6 Dodging


You had one spell level left.
You didn't know any spells.
Your spell library was empty.

Dungeon Overview and Level Annotations

Branches:
Dungeon (1/15)

Altars:

Shops:
D:1 (


Message History

You hit the giant cockroach.
The giant cockroach is severely wounded.
You block the giant cockroach's attack. The giant cockroach misses you.
You hit the giant cockroach.
You kill the giant cockroach!
Trog accepts your kill.
A quokka comes into view.
The goblin hits you with a +0 dagger.
* * * LOW HITPOINT WARNING * * *
You fail to use your ability.
A giant cockroach comes into view.
The kobold hits you with a +0 dagger.
* * * LOW HITPOINT WARNING * * *
The goblin completely misses you. The kobold attacks as you move away!
The kobold closely misses you. The kobold attacks as you move away!
The kobold hits you but does no damage. The kobold attacks as you move away!
The kobold misses you. The kobold attacks as you move away!
The kobold hits you with a +0 dagger.
* * * LOW HITPOINT WARNING * * *
The goblin attacks as you move away! The goblin closely misses you.
You aren't carrying any potions.
A red film seems to cover your vision as you go berserk!
You feel yourself moving faster!
You feel mighty! The kobold barely misses you. The goblin barely misses you.
You slice the kobold!!
You kill the kobold!
Trog accepts your kill.
You closely miss the goblin. The goblin hits you but does no damage.
You hit the goblin.
You kill the goblin!
Trog accepts your kill.
You feel a strong urge to attack something.
You miss the quokka. The quokka barely misses you.
Unknown command.
You barely miss the quokka. The quokka closely misses you.
You barely miss the quokka.
You are no longer berserk.
You are exhausted.
You feel yourself slow down. The quokka bites you.
You die...

.##.......##..#.#
...$..#.##......#...
.....................
.....###........#####
...............#....
..........)..#.#....?
.......).)†.........
##......r.......##.
#.....@.........# .
#...........##...
...###............#... .
#....)....#.....#.....
#.........#............
#.........#...........####
#........##.........(....#
#........##......#.......#
#.........................


You could see a quokka.

Vanquished Creatures
  An endoplasm (D:1)
  4 giant cockroaches (D:1)
  A goblin (D:1)
  2 quokkas (D:1)
  A bat (D:1)
  3 kobolds (D:1)
  A rat (D:1)
13 creatures vanquished.

Notes
Turn   | Place    | Note
-------+----------+-------------------------------------------
     0 | D:1      | Anriel the Human Berserker began the quest for the Orb.
     0 | D:1      | Reached XP level 1. HP: 18/18 MP: 1/1
   110 | D:1      | Reached XP level 2. HP: 13/24 MP: 2/2
   147 | D:1      | Found Doqas's Antique Weapon Shoppe.
   161 | D:1      | HP: 1/24 [kobold/+0 dagger (4)]
   169 | D:1      | Slain by a quokka

Illustrated notes

Levels and vault maps discovered:
D:1:      psy_arrival_fountain, layout_basic, serial_shops, nicolae_shop_stone,
          dreamdust_ecumenical_altar_statues

Action                   || total
-------------------------++-------
Melee: Hand axe          ||    22
       War axe           ||    24
       Punch             ||     1
Invok: Berserk           ||     1
Armor: Animal skin       ||    11
Dodge: Dodged            ||    37
Block: Other             ||     6
